 Dungeon Crawl Stone Soup version 0.30.1-9-gdf580d7c3d (webtiles) character file.

Game seed: 14267878324560315372

2097 CaptainMV the Chiller (level 9, -7/62 (68) HPs)
             Began as a Green Draconian Ice Elementalist on Sept 25, 2023.
             Was a Follower of Vehumet.
             Mangled by a wight
             ... wielding a +2 scimitar of freezing
              (9 damage)
             ... on level 7 of the Dungeon on Sept 27, 2023.
             The game lasted 00:54:45 (4316 turns).

CaptainMV the Chiller (DrIE)                        Turns: 4316, Time: 00:54:45

HP:   -7/62 (68)    AC:  9    Str: 11    XL:     9   Next: 7%
MP:   7/17          EV: 18    Int: 23    God:    Vehumet [*.....]
Gold: 310           SH:  0    Dex: 14    Spells: 11/19 levels left

rFire   . . .        b - +4 dagger
rCold   . . .        (no shield)
rNeg    . . .        (body armour unavailable)
rPois   +            (helmet restricted)
rElec   .            (no cloak)
rCorr   .            c - +1 pair of gloves
SInv    .            (no boots)
Will    .....        (no amulet)
Stlth   +++          w - +6 ring of intelligence
HPRegen 0.30/turn    z - +5 ring of evasion
MPRegen 0.15/turn

%: no passive effects
@: slowed, drained, very slow
A: breathe noxious fumes, AC +7, unfitting armour, poison resistance,
cold-blooded
a: Breathe Noxious Fumes, Renounce Religion


You were on level 7 of the Dungeon.
You worshipped Vehumet.
Vehumet was aware of your devotion.
You visited 2 branches of the dungeon, and saw 8 of its levels.
You also visited: Sewer.

You collected 310 gold pieces.

Inventory:

Hand Weapons
 b - a +4 dagger (weapon)
Missiles
 k - 15 poisoned darts (quivered)
 l - 6 curare-tipped darts
Armour
 c - a +1 pair of gloves (worn)
Magical Staves
 a - a staff of fire
Jewellery
 j - a ring of willpower
 w - a +6 ring of intelligence (left hand)
 z - a +5 ring of evasion (right hand)
Scrolls
 p - a scroll of silence {unknown}
 t - 3 scrolls of poison
 u - 3 scrolls of teleportation {unknown}
 x - 2 scrolls of acquirement {unknown}
 A - 2 scrolls of enchant armour
Potions
 d - a potion of magic
 e - 2 potions of flight
 f - a potion of haste
 g - a potion of ambrosia {unknown}
 h - a potion of might {unknown}
 i - a potion of curing
 n - 2 potions of cancellation
 o - a potion of resistance {unknown}
 r - a potion of lignification {unknown}
 s - a potion of heal wounds {unknown}


   Skills:
 + Level 2.7 Fighting
 + Level 3.9 Short Blades
 + Level 4.5 Dodging
 + Level 4.5 Stealth
 + Level 5.5 Spellcasting
 + Level 2.0 Summonings
 + Level 7.0 Ice Magic
 + Level 1.6 Air Magic


You had 11 spell levels left.
You knew the following spells:

 Your Spells              Type           Power      Damage    Failure   Level
a - Summon Ice Beast      Ice/Summ       27%        N/A       14%         4
b - Frozen Ramparts       Ice            76%        1d12      1%          3
c - Shock                 Conj/Air       40%        1d5       6%          1

Your spell library contained the following spells:

 Spells                   Type           Power      Damage    Failure   Level
 Freeze                   Ice            100%       1d10      1%          1
 Ozocubu's Armour         Ice            38%        N/A       1%          3
 Sublimation of Blood     Necr           6%         N/A       14%         2
 Wereblood                Tmut           6%         N/A       14%         2
 Summon Hydra             Summ           7%         N/A       100%        7


Dungeon Overview and Level Annotations

Branches:
Dungeon (7/15)             Temple (1/1) D:6           Sewer (visited)

Altars:
Ashenzari
Cheibriados
Dithmenos
Elyvilon
Fedhas
Gozag
Hepliaklqana
Kikubaaqudgha
Makhleb
Nemelex Xobeh
Okawaru
Qazlal
Trog
Uskayaw
Vehumet
Xom
Yredelemnul
Zin
The Shining One

Shops:
D:3 (

Annotations:
D:5 1 transporter, chujev's ghost, novice MfVM


Innate Abilities, Weirdness & Mutations

You can breathe blasts of noxious fumes.
Your lurid green scales are hard. (AC +7)
You cannot fit into any form of body armour.
Your system is resistant to poisons. (rPois)
You are cold-blooded and may be slowed by cold attacks.


Message History

* * * LOW HITPOINT WARNING * * *
You feel drained.
* * * LOW HITPOINT WARNING * * *
You feel yourself slow down. The wight freezes you.
* * * LOW HITPOINT WARNING * * *
The wight misses you.
Blink to where?
Press: ? - help, Dir - move target, p - wight
As you read the scroll of blinking, it crumbles to dust.
As you read the scroll of fog, it crumbles to dust.
The scroll dissolves into smoke.
You feel yourself speed up.
Things that are here:
a +0 robe; a +0 morningstar
Found an escape hatch in the floor.
Found a scroll labelled IHAYRU FAPSIN.
You hit the wight but do no damage.
You tail-slap the wight, but do no damage.
The wight is moderately damaged.
You hit the wight.
The wight is heavily damaged.
The wight hits you but does no damage. The wight hits you with a +0 battleaxe.
* * * LOW HITPOINT WARNING * * *
You feel drained.
* * * LOW HITPOINT WARNING * * *
You hit the wight.
The wight is severely damaged.
You hit the wight.
The wight is almost destroyed.
The wight hits you with a +2 scimitar of freezing!
* * * LOW HITPOINT WARNING * * *
You feel drained.
* * * LOW HITPOINT WARNING * * *
You feel yourself slow down. The wight freezes you.
* * * LOW HITPOINT WARNING * * *
The wight misses you.
You hit the wight but do no damage.
The wight is almost destroyed.
The wight hits you with a +2 scimitar of freezing!
You die...

.....)......####<[.#...........#
.#.#.)###.....##.......#########
.#.#.))............#####
.#...####...#....[.# .#..##
#..#......####
.#..##.......###....###
.#..##...##.....###...#######
.)......# #.###z#####........
......### #.# #z@.###........
.<.#### #. ###..z......... ...#
#. #####........ ..... #.....>..
.####. #........ ## # #........
# #.?...... #........ #######


You could see 3 wights.

Vanquished Creatures
  2 ice beasts
  An ogre (D:6)
  A sky beast (D:7)
  A phantom (D:7)
  A kobold brigand (D:7)
  2 bullfrogs (Sewer)
  3 scorpions (D:5)
  A wight (D:7)
  A howler monkey (D:7)
  2 hounds
  6 orc priests
  2 iguanas
  8 orc wizards
  Robin (D:2)
  4 gnolls (D:6)
  8 adders
  A shadow imp (D:6)
  2 ufetubi
  4 worms
  2 dart slugs
  32 orcs
  11 ball pythons
  3 bats
  6 endoplasms
  13 giant cockroaches
  12 goblins
  7 hobgoblins
  10 kobolds
  2 quokkas (Sewer)
  20 frilled lizards
  3 rats (D:3)
172 creatures vanquished.

Vanquished Creatures (collateral kills)
  A steam dragon (D:7)
  A black bear (D:7)
  A bullfrog (D:6)
  A wight (D:7)
  2 orc wizards (D:6)
6 creatures vanquished.

Grand Total: 178 creatures vanquished

Notes
Turn   | Place    | Note
-------+----------+-------------------------------------------
     0 | D:1      | CaptainMV the Draconian Ice Elementalist began the quest
                  | for the Orb.
     0 | D:1      | Reached XP level 1. HP: 14/14 MP: 3/3
   143 | D:1      | Reached XP level 2. HP: 19/20 MP: 3/5
   145 | D:1      | Found a faded altar of an unknown god.
   640 | D:2      | Reached XP level 3. HP: 22/26 MP: 2/6
   700 | D:2      | Noticed Robin
   725 | D:2      | Killed Robin
  1167 | D:3      | Learned a level 3 spell: Frozen Ramparts
  1200 | D:3      | Reached XP level 4. HP: 33/33 MP: 3/7
  1249 | D:3      | Found a burning altar of Makhleb.
  1281 | D:3      | Found Naok's Weapon Emporium.
  1779 | D:4      | Reached skill level 5 in Ice Magic
  1784 | D:4      | Reached XP level 5. HP: 39/39 MP: 5/9
  1936 | D:4      | Reached skill level 1 in Fighting
  1936 | D:4      | Reached skill level 1 in Short Blades
  1970 | D:4      | Found an ancient bone altar of Kikubaaqudgha.
  1996 | D:4      | Reached XP level 6. HP: 35/47 MP: 7/11
  2142 | D:5      | Entered Level 5 of the Dungeon
  2242 | D:5      | Noticed chujev's ghost (novice MfVM)
  2261 | D:5      | Found a transporter.
  2371 | D:5      | Your scales start taking on a lurid green colour.
  2371 | D:5      | Reached XP level 7. HP: 23/52 MP: 8/13
  2371 | D:5      | Gained mutation: Your system is resistant to poisons.
                  | (rPois) [Green Draconian growth]
  2445 | D:5      | Found a snail-covered altar of Cheibriados.
  2748 | D:5      | Found a glowing drain.
  2757 | Sewer    | Entered a sewer
  3166 | D:6      | Found a staircase to the Ecumenical Temple.
  3172 | Temple   | Entered the Ecumenical Temple
  3181 | Temple   | Became a worshipper of Vehumet
  3417 | D:6      | Found a sparkling altar of Nemelex Xobeh.
  3434 | D:6      | Learned a level 4 spell: Summon Ice Beast
  3680 | D:6      | Reached skill level 6 in Ice Magic
  3680 | D:6      | Reached XP level 8. HP: 29/62 MP: 11/14
  3898 | D:7      | Reached skill level 5 in Spellcasting
  4014 | D:7      | Reached skill level 1 in Summonings
  4049 | D:7      | Reached * piety under Vehumet
  4049 | D:7      | Offered knowledge of Shock by Vehumet.
  4089 | D:7      | Learned a level 1 spell: Shock
  4136 | D:7      | Reached skill level 1 in Air Magic
  4235 | D:7      | Reached XP level 9. HP: 23/68 MP: 10/17
  4248 | D:7      | Reached skill level 7 in Ice Magic
  4315 | D:7      | HP: 2/62 [wight/+2 scimitar of freezing (2)]
  4316 | D:7      | Mangled by a wight

Illustrated notes

Levels and vault maps discovered:
D:1:      dpeg_arrival_central, layout_basic, chequers_ecumenical_altar_simple
D:2:      layout_loops_cross, kennysheep_potato, uniq_robin
D:3:      layout_basic, lemuel_crystal_altar, serial_shops, shop
D:4:      layout_loops_ring, mainiacjoe_overflow_cross_hatched
D:5:      cheibrodos_iron_armory, layout_basic, mainiacjoe_overflow_boulevard,
          gammafunk_ghost_stat_death, cheibrodos_sewer_entry_bend
D:6:      layout_gridville, nemelex_xobeh_ov_fountains_minmay,
          minmay_temple_entry_wispy
D:7:      layout_rooms
Temple:   nicolae_temple_no_exploring_needed

Skill      XL: |  1  2  3  4  5  6  7  8  9 |
---------------+----------------------------+-----
Stealth        | 2 3 4 |  4.5
Dodging        | 2 3 4 |  4.5
Spellcasting   | 3 4 5 |  5.5
Ice Magic      | 5 6 7 |  7.0
Fighting       | 1 2 |  2.7
Short Blades   | 1 2 3 |  3.9
Summonings     | 2 |  2.0
Air Magic      | 1 |  1.6

Action                     |  1- 3 |  4- 6 |  7- 9 || total
---------------------------+-------+-------+-------++-------
  Melee: Dagger            |    48 |   146 |   285 ||   479
         Unarmed           |     1 |       |       ||     1
         Tailslap          |     9 |    21 |    37 ||    67
         Punch             |     1 |       |     5 ||     6
  Throw: Dart              |       |       |     2 ||     2
   Cast: Freeze            |    36 |       |       ||    36
         Frozen Ramparts   |     1 |    19 |    23 ||    43
         Summon Ice Beast  |       |       |     5 ||     5
         Shock             |       |       |    17 ||    17
Ability: Breathe Noxious F |       |       |     6 ||     6
    Use: Scroll            |     4 |     6 |     4 ||    14
         Potion            |       |       |     1 ||     1
   Stab: Sleeping          |     5 |     1 |     3 ||     9
         Distracted        |       |       |     1 ||     1
         Confused          |       |       |     1 ||     1
 Armour: Skin              |    33 |    61 |    91 ||   185
  Dodge: Dodged            |    53 |    63 |   224 ||   340
